AoeStats
← Casper

Arabia

505359190Analyzed
1v1 RM · 24d ago on Sep 9, 2026· 44m 30s· 2 players
Game mode
Random Map
Map size
Tiny (2 player)
Population
200
Speed
Normal
Resources
Standard
Victory
Conquest
Starting age
Dark Age
Ending age
Imperial Age
RankedLock teamsTeams togetherTeam positionsShared explorationLock speedFull tech treeHidden civsTurbo modeCheats
Victory
Defeat
🇺🇸 Jurchens · United States
1309
+18
🇦🇺 Spanish · Australia
1362
-18
Casper
10:08 Feudal Age
8:57 Loom
10:39 Double-Bit Axe
15:05 Castle Age
16:28 Gold Mining
17:46 Sanctity
21:52 Fervor
24:00 Bow Saw
26:28 Atonement
27:05 Forging
26:45 Horse Collar
28:55 Light Cavalry
29:42 Fletching
31:47 Wheelbarrow
32:00 Squires
35:36 Imperial Age
36:08 Husbandry
36:16 Elite Steppe Lancer
37:06 Bloodlines
37:28 Scale Barding Armor
38:01 Iron Casting
39:30 Devotion
hamole
8:07 Loom
11:09 Feudal Age
15:42 Castle Age
14:02 Double-Bit Axe
20:24 Devotion
22:12 Sanctity
22:29 Atonement
23:10 Gold Mining
23:53 Inquisition
25:13 Husbandry
27:58 Horse Collar
30:36 Redemption
30:39 Fervor
31:54 Fletching
34:42 Bloodlines
35:28 Padded Archer Armor
37:50 Leather Archer Armor
39:12 Herbal Medicine
47:12 Imperial Age
Connection lost

Rejoining the realm…

Still unreachable

The connection could not be restored.

Session expired

The server has moved on; the page needs a fresh start.